 Dungeon Crawl Stone Soup version 0.30-a0-939-gc8157cb160 (webtiles) character file.

Game seed: 9436618188154869890

132 Zonian the Ruffian (level 5, -6/26 HPs)
             Began as a Vine Stalker Gladiator on Mar 25, 2023.
             Killed from afar by Grinder (8 damage)
             ... with a puff of flame
             ... on level 3 of the Dungeon.
             The game lasted 00:07:48 (2778 turns).

Zonian the Ruffian (Vine Stalker Gladiator)         Turns: 2778, Time: 00:07:48

Health: -6/26      AC:  6    Str: 18    XL:     5   Next: 15%
Magic:  0/6        EV: 11    Int:  8    God:
Gold:   116        SH:  0    Dex: 16    Spells: 4/4 levels left

rFire   . . .      SeeInvis .      - Unarmed
rCold   . . .      Faith    .    (no shield)
rNeg    . . .      Spirit   +    r - +0 ring mail
rPois   .          Reflect  .    b - +0 helmet
rElec   .          Rampage  .    (no cloak)
rCorr   .                        (no gloves)
Will    .....                    (no boots)
Stlth   +                        (no amulet)
HPRegen 1.04/turn                j - ring of flight
MPRegen 0.10/turn                (no ring)

@: mighty, silenced, flying
A: fangs 2, regeneration 1, magic shield, antimagic bite, no potion heal 2
a: no special abilities


You were on level 3 of the Dungeon.
You visited 1 branch of the dungeon, and saw 3 of its levels.

You collected 116 gold pieces.

Inventory:

Hand Weapons
 o - the +9 hand axe of Day {flame, Str-5 Int+3 Dex+2}
   (You found it on level 2 of the Dungeon)

   Str:       It affects your strength (-5).
   Int:       It affects your intelligence (+3).
   Dex:       It affects your dexterity (+2).
Missiles
 d - a javelin (quivered)
Armour
 a - a +0 leather armour
 b - a +0 helmet (worn)
 r - a +0 ring mail (worn)
Magical Staves
 q - the staff of cold "Caforun" {+Blink rC+ Will+ Dex+2}
   (You found it on level 2 of the Dungeon)

   [staff of cold]

   Base accuracy: +5 Base damage: 5 Base attack delay: 1.2 This weapon's minimum
   attack delay (0.6) is reached at skill level 12.
   Dex:       It affects your dexterity (+2).
   rC:        It protects you from cold.
   +Blink:    It lets you blink.
   Will:      It increases your willpower.
   It falls into the 'Staves' category.
   It is a one-handed weapon.
Jewellery
 j - a ring of flight (left hand)
 p - an amulet of faith
Scrolls
 l - a scroll of fear {unknown}
Potions
 f - 2 potions of lignification {unknown}
 g - 2 potions of flight
 i - a potion of attraction {unknown}
 k - a potion of cancellation {unknown}
 m - 2 potions of curing
 n - 3 potions of might
 s - a potion of haste {unknown}


   Skills:
 - Level 1.7 Fighting
 - Level 1.7 Throwing
 - Level 2.4 Dodging
 + Level 4.2 Stealth
 + Level 4.5 Unarmed Combat


You had 4 spell levels left.
You didn't know any spells.
Your spell library contained the following spells:

 Spells                   Type           Power      Damage    Failure   Level
 Cigotuvi's Dreadful Rot  Necr/Pois/Air  0%         N/A       75%         2
 Lesser Beckoning         Tloc           0%         N/A       75%         2
 Poisonous Vapours        Pois/Air       0%         N/A       75%         2
 Gell's Gravitas          Tloc           0%         N/A       93%         3
 Ignite Poison            Fire/Tmut/Pois 0%         N/A       93%         3
 Kindle Blastsparks       Fire/Tloc/Air  0%         2d10      93%         3
 Mephitic Cloud           Conj/Pois/Air  0%         N/A       93%         3
 Teleport Other           Tloc           0%         N/A       93%         3
 Passage of Golubria      Tloc           0%         N/A       100%        4
 Freezing Cloud           Conj/Ice/Air   0%         6-21      100%        5
 Silence                  Hex/Air        0%         N/A       100%        5
 Lehudib's Crystal Spear  Conj/Erth      0%         10d2      100%        8


Dungeon Overview and Level Annotations

Branches:
Dungeon (3/15)

Altars:

Annotations:
D:3 Grinder


Innate Abilities, Weirdness & Mutations

You have extremely sharp teeth.
Your natural rate of healing is unusually fast.
When hurt, damage is shared between your health and your magic reserves.
Your bite disrupts and absorbs the magic of your enemies.
Potions cannot restore your health.


Message History

You hit Grinder but do no damage.
Grinder is lightly wounded.
Grinder closely misses you.
You hit Grinder. Your bite misses Grinder.
Grinder is lightly wounded.
The giant cockroach misses you. Grinder hits you!
* * * LOW HITPOINT WARNING * * *
Unknown command.
Throw: throwing net
Press: ? - help, Q - select action, (/) - cycle Shift-Dir - straight line, f - Grinder
Aim: Grinder, carrying a wand of flame (18) (silenced, lightly wounded, unaffected by silence, 55% to hit)
You throw a throwing net. The throwing net hits Grinder.
Grinder is caught in the net!
Grinder is lightly wounded.
The giant cockroach barely misses you.
Grinder struggles against the net.
You feel very mighty all of a sudden.
The giant cockroach bites you but does no damage.
Grinder blinks!
The giant cockroach bites you but does no damage.
You see here a throwing net.
Found a stone staircase leading down.
A jackal comes into view.
The giant cockroach barely misses you.
You closely miss the giant cockroach. Your punch misses the giant cockroach.
The giant cockroach bites you but does no damage.
You barely miss the giant cockroach. You bite the giant cockroach.
You kill the giant cockroach!
Grinder grins, showing sharp teeth.
Grinder hits you.
* * * LOW HITPOINT WARNING * * *
You writhe in agony.
* * * LOW HITPOINT WARNING * * *
You punch Grinder! Your bite misses Grinder.
Grinder is moderately wounded.
Grinder hits you.
* * * LOW HITPOINT WARNING * * *
You punch Grinder! Your bite misses Grinder.
Grinder is severely wounded.
Grinder zaps a wand.
The puff of flame hits you!
You die...

...#......> ..
#..........
..###..........
#..............
.............< #
#............
#..###.h.........
#...............##
..###.@(........# ...#
##5..........# ....
#............#
.......#.#.)†.......#
#.......#.#..........#
#.......#.##........#
#.......#.#..†.....##
#............#######
.##.......#.#.##


You could see Grinder (unsilenced) and a jackal.

Vanquished Creatures
  6 adders
  A worm (D:2)
  2 dart slugs
  4 endoplasms
  5 giant cockroaches
  5 goblins
  11 hobgoblins
  3 jackals
  7 kobolds
  2 quokkas
  6 ball pythons
  7 bats (D:1)
  6 frilled lizards
  3 rats (D:2)
68 creatures vanquished.

Notes
Turn   | Place    | Note
-------+----------+-------------------------------------------
     0 | D:1      | Zonian the Vine Stalker Gladiator began the quest for the
                  | Orb.
     0 | D:1      | Reached XP level 1. HP: 11/11 MP: 2/2
    89 | D:1      | Reached skill level 1 in Stealth
   170 | D:1      | Reached XP level 2. HP: 15/15 MP: 3/3
   534 | D:1      | Reached XP level 3. HP: 18/18 MP: 4/4
  1537 | D:2      | Identified the +9 hand axe of Day {flame, Str-5 Int+3
                  | Dex+2}
  1649 | D:2      | Gained mutation: Your natural rate of healing is unusually
                  | fast. [Vine Stalker growth]
  1649 | D:2      | Reached XP level 4. HP: 20/23 MP: 3/5
  1815 | D:2      | Identified the staff of cold "Caforun" {+Blink rC+ Will+
                  | Dex+2}
  2673 | D:3      | Reached XP level 5. HP: 24/26 MP: 4/6
  2757 | D:3      | Noticed Grinder
  2776 | D:3      | HP: 1/26 [Grinder (5)]
  2778 | D:3      | Killed from afar by Grinder

Illustrated notes

Levels and vault maps discovered:
D:1:      mrwooster_arrival_statue_3, layout_loops_corners,
          chequers_serial_rivers_micro_c
D:2:      minmay_thinvault, layout_loops_ring
D:3:      layout_rooms, mainiacjoe_overflow_small_starburst, uniq_grinder

Skill      XL: |  1  2  3  4 |
---------------+-------------+-----
Stealth        | 1 2 3 4 |  4.2
Unarmed Combat | 4 |  4.5
Fighting       | |  1.7
Throwing       | |  1.7
Dodging        | |  2.4

Action                     |  1- 3 |  4- 6 || total
---------------------------+-------+-------++-------
  Melee: Unarmed           |   105 |    80 ||   185
         Bite              |    17 |    17 ||    34
         Punch             |     2 |     3 ||     5
  Throw: Throwing net      |     2 |     3 ||     5
         Stone             |    15 |    17 ||    32
         Javelin           |       |     1 ||     1
    Use: Scroll            |       |     5 ||     5
         Potion            |       |     1 ||     1
   Stab: Sleeping          |     7 |     2 ||     9
         Distracted        |     1 |       ||     1
 Armour: Leather armour    |    20 |       ||    20
         Ring mail         |       |    33 ||    33
  Dodge: Dodged            |    52 |    40 ||    92

Table legend: (Time is in decaauts)
 A = Elapsed time spent in this place.
 B = Non-inter-level travel time spent in this place.
 C = Inter-level travel time spent in this place.
 D = Time resting spent in this place.
 E = Time spent auto-exploring this place.
 F = Levels seen in this place.
 G = Mean time per level.
                   A        B        C        D        E       F      G
               +--------+--------+--------+--------+--------+-----+--------+
         Total |   2764 |   2654 |    110 |    301 |   1529 |   3 |  921.3 |
       Dungeon |   2764 |   2654 |    110 |    301 |   1529 |   3 |  921.3 |
               +--------+--------+--------+--------+--------+-----+--------+

Top non-repeatable levels by time:
     D:2: 1406 daAuts
     D:1: 1185 daAuts
     D:3: 172 daAuts
